 Dungeon Crawl Stone Soup version 0.20.1-1-g8b1a95d (console) character file.

198 hilaritas the Slasher (level 5, 0/42 HPs)
             Began as a Demigod Fighter on Nov 5, 2017.
             Succumbed to a scorpion's poison
             ... on level 4 of the Dungeon.
             The game lasted 00:05:49 (2794 turns).

hilaritas the Slasher (Demigod Fighter)             Turns: 2794, Time: 00:05:50

Health: 0/42       AC:  8    Str: 22 (23) XL:     5   Next: 22%
Magic:  7/7        EV:  7    Int:  9 (12) God:
Gold:   96         SH: 11    Dex: 14 (15) Spells: 4/4 levels left

rFire    . . .     SeeInvis .   h - -2 dagger (curse)
rCold    . . .     Gourm    .   c - +1 shield
rNeg     . . .     Faith    .   b - +0 scale mail
rPois    .         Spirit   .   r - +0 helmet (curse)
rElec    .         Reflect  .   m - +0 cloak
rCorr    .         Harm     .   (no gloves)
MR       +....                  (no boots)
Stlth    ..........             (no amulet)
Regen    0.2/turn               (no ring)
MPRegen  0.1/turn               (no ring)

@: lethally poisoned (0 -> -4), flying
A: deterioration 1, high mp 1, magic resistance 1, strong 1
a: no special abilities


You were on level 4 of the Dungeon.
You were hungry.

You visited 1 branch of the dungeon, and saw 4 of its levels.

You collected 96 gold pieces.

Inventory:

Hand Weapons
 a - a +1 long sword
 h - a cursed -2 dagger (weapon)
 q - a +0 falchion
Missiles
 n - 4 poisoned tomahawks
 t - 11 tomahawks (quivered)
Armour
 b - a +0 scale mail (worn)
 c - a +1 shield (worn)
 m - a +0 cloak (worn)
 r - a cursed +0 helmet (worn)
Wands
 k - a wand of lightning (10/15)
Scrolls
 o - 3 scrolls of amnesia
Potions
 d - a potion of might
 v - a potion of degeneration
Comestibles
 f - 2 bread rations
 i - a royal jelly
 l - 3 fruits


   Skills:
 - Level 2.6 Fighting
 * Level 4.5 Long Blades
 - Level 2.6 Armour
 + Level 3.7 Shields


You had 4 spell levels left.
You didn't know any spells.

Dungeon Overview and Level Annotations

Branches:
Dungeon (4/15)
 Temple: D:4-7


Innate Abilities, Weirdness & Mutations

You have an increased reservoir of magic. (+10% MP)
Your body sometimes deteriorates upon taking damage.
You are resistant to hostile enchantments. (MR+)
Your muscles are strong. (Str +2)


Message History

You closely miss the scorpion.
The scorpion is severely wounded.
* * * LOW HITPOINT WARNING * * *
You feel sick. The scorpion closely misses you.
You hit the scorpion.
The scorpion is severely wounded.
The scorpion completely misses you.
You hit the scorpion but do no damage.
The scorpion is severely wounded.
* * * LOW HITPOINT WARNING * * *
You feel sick. The scorpion stings you.
* * * LOW HITPOINT WARNING * * *
You barely miss the scorpion.
The scorpion is severely wounded.
You block the scorpion's attack.
Unknown command.
Unknown command.
You closely miss the scorpion.
The scorpion is severely wounded.
You die...

#.. ...# #.. ...# ##
#.. #..# #. #.s #..#
###. #..
#..########... #..
#.....##.##.#.
#..#####..##.#...#.#.
#.s@.....##.......#.
####.#.#............
#.#.####.##.##.##
#.#.####.##.##.#
#.#......##.##.##
#.#########+##... #..
##...#### ###
##.....## ##.......##
#........?#
+.........'


You could see a scorpion.

Vanquished Creatures
  A phantom (D:4)
  5 adders
  A worm (D:3)
  3 dart slugs
  A leopard gecko (D:2)
  An orc (D:4)
  8 bats
  8 giant cockroaches
  2 hobgoblins (D:1)
  2 jackals (D:1)
  2 quokkas
  5 frilled lizards
  8 goblins
  2 kobolds (D:1)
  7 rats
56 creatures vanquished.

Notes
Turn   | Place    | Note
-------+----------+-------------------------------------------
     0 | D:1      | hilaritas the Demigod Fighter began the quest for the Orb.
     0 | D:1      | Reached XP level 1. HP: 18/18 MP: 3/3
   108 | D:1      | Reached skill level 2 in Long Blades
   433 | D:1      | Reached XP level 2. HP: 24/25 MP: 4/4
  1166 | D:2      | Reached XP level 3. HP: 30/30 MP: 5/5
  1319 | D:2      | Reached skill level 3 in Long Blades
  1403 | D:2      | Found an ancient bone altar of Kikubaaqudgha.
  1793 | D:2      | Found an iron altar of Okawaru.
  2103 | D:3      | Reached XP level 4. HP: 37/37 MP: 6/6
  2598 | D:4      | Noticed a phantom
  2673 | D:4      | Killed a phantom
  2673 | D:4      | Reached skill level 4 in Long Blades
  2673 | D:4      | Reached XP level 5. HP: 19/42 MP: 7/7
  2770 | D:4      | Gained mutation: Your body sometimes deteriorates upon taking damage. [potion of mutation]
  2770 | D:4      | Gained mutation: Your muscles are strong. (Str +2) [potion of mutation]
  2770 | D:4      | Gained mutation: You are resistant to hostile enchantments. (MR+) [potion of mutation]
  2792 | D:4      | HP: 1/42 [scorpion (4)]
  2794 | D:4      | Succumbed to a scorpion's poison

Skill      XL: |  1  2  3  4 |
---------------+-------------+-----
Long Blades    | 2 3 4 |  4.5
Shields        | 3 |  3.7
Fighting       | |  2.6
Armour         | |  2.6

Action                   |  1- 3 |  4- 6 || total
-------------------------+-------+-------++-------
Melee: Long sword        |   158 |    39 ||   197
       Dagger            |       |    97 ||    97
  Use: Scroll            |       |     8 ||     8
       Potion            |       |     7 ||     7
  Eat: Chunk             |     3 |     2 ||     5
       Fruit             |     1 |       ||     1
Armor: Scale mail        |    82 |    40 ||   122
Dodge: Dodged            |    43 |    30 ||    73
Block: Shield            |    89 |    53 ||   142
       Rpst.: Long sword |    17 |     5 ||    22
